 Dungeon Crawl Stone Soup version 0.16-a0-3497-g356bc21 (webtiles) character file.

145 Miyamura the Sneak (level 5, 0/25 HPs)
             Began as a Spriggan Enchanter on Jan 5, 2015.
             Slain by an orc priest
             ... wielding a cursed -1 short sword
              (4 damage)
             ... on level 3 of the Dungeon.
             The game lasted 00:17:47 (2771 turns).

Miyamura the Sneak (Spriggan Enchanter)             Turns: 2771, Time: 00:17:48

Health: 0/25       AC:  4    Str:  4    XL:     5   Next: 6%
Magic:  3/27       EV: 19    Int: 18    God:
Gold:   132        SH:  0    Dex: 16    Spells: 3 memorised, 6 levels left

rFire  + . .     SeeInvis +     o - +5 short sword
rCold  . . .     Clarity  .     b - +2 robe
rNeg   . . .     SustAb   .     (shield restricted)
rPois  .         Gourm    .     (helmet restricted)
rElec  .         Spirit   .     (no cloak)
rCorr  .         Warding  .     (gloves unavailable)
rMut   .         Stasis   .     (boots unavailable)
MR     .....                    (no amulet)
Stlth  +++.......               m - ring of magical power
                                j - ring of protection from fire

@: very slightly contaminated, very quick, not resistant to hostile
enchantments, fairly stealthy
A: unfitting armour, see invisible, herbivore 3, speed 3, slow metabolism 2
a: no special abilities


You were on level 3 of the Dungeon.
You were not hungry.

You visited 1 branch of the dungeon, and saw 3 of its levels.

You collected 132 gold pieces.

Inventory:

Hand weapons
 a - a +1 dagger
 f - a +0 short sword of speed
 o - a +5 short sword (weapon)
Armour
 b - a +2 robe (worn)
Jewellery
 j - a ring of protection from fire (left hand)
 m - a ring of magical power (right hand)
Scrolls
 d - a scroll of fog {unknown}
 l - a scroll of remove curse
Potions
 e - a potion of restore abilities {unknown}
 g - 3 potions of curing
 h - 2 potions of haste {unknown}
 i - a potion of agility {unknown}
 k - 2 potions of brilliance {unknown}
 n - 2 potions of poison {unknown}
 p - a potion of magic {unknown}
Books
 c - a book of Maledictions

   Spells                             Type                      Level
   a - Corona                         Hexes                        1
   b - Sure Blade                     Hexes/Charms                 2
   c - Ensorcelled Hibernation        Hexes/Ice                    2
   d - Confuse                        Hexes                        3
   e - Dazzling Spray                 Conjuration/Hexes            3
   f - Enslavement                    Hexes                        4


   Skills:
 + Level 1.4 Fighting
 + Level 2.3 Short Blades
 + Level 4.0 Dodging
 + Level 4.8 Stealth
 + Level 4.2 Spellcasting
 + Level 4.1 Hexes


You had 6 spell levels left.
You knew the following spells:

 Your Spells              Type           Power        Failure   Level  Hunger
a - Corona                Hex            ###....      2%          1    None
c - Confuse               Hex            ###.....     10%         3    ###....
e - Ensorcelled Hibernat  Hex/Ice        ##....       12%         2    ##.....


Dungeon Overview and Level Annotations

Branches:
Dungeon (3/15)

Altars:


Innate Abilities, Weirdness & Mutations

You are tiny and cannot use many weapons and most armour.
You have supernaturally acute eyesight.
You are a herbivore.
You cover ground extremely quickly.
You need consume almost no food.


Message History

Press: ? - help, Shift-Dir - straight line, f/p - orc priest
Aim: an orc priest, wielding a short sword (chance 49%)
The orc priest resists with some effort.
The orc priest invokes the aid of Beogh against you.
Pain shoots through your body!
* * * LOW HITPOINT WARNING * * *
Casting: Confuse
Confirm with . or Enter, or press ? or * to list all spells.
Aiming: Confuse
Press: ? - help, Shift-Dir - straight line, f/p - orc priest
Aim: an orc priest, wielding a short sword (chance 49%)
The orc priest resists with some effort.
Casting: Confuse
Confirm with . or Enter, or press ? or * to list all spells.
Aiming: Confuse
Press: ? - help, Shift-Dir - straight line, f/p - orc priest
Aim: an orc priest, wielding a short sword (chance 49%)
You miscast Confuse.
Your skin tingles.
The orc priest hits you with a short sword.
You die... ................'..... .########.###...#.#... #######.# #...#.##.. ##.# #....##'###...#.#).. ..ooo

+.............(.)... #.....
#.....)..########.#. #.....
#........# #.#.
#..$..#.#######)...########.#.
#.....#....oo@[....##....##.#.
#!....#########.###......##.##
#...........# #.###.#....##...
#...........# #.#........#####
#...........# #.#........#####
######......###.#.....#+##....
#......o...#.....#.##.##.
#####......#.....#.##.##.
#......#.......##.#..


You could see an orc priest and an orc.

Vanquished Creatures
  5 adders
  3 worms
  3 giant geckos
  9 orcs (D:3)
  13 bats
  4 giant cockroaches
  6 goblins
  9 hobgoblins
  3 jackals (D:1)
  2 giant newts
  5 kobolds
  A quokka (D:2)
  9 rats
72 creatures vanquished.

Notes
Turn   | Place    | Note
--------------------------------------------------------------
     0 | D:1      | Miyamura, the Spriggan Enchanter, began the quest for the Orb.
     0 | D:1      | Reached XP level 1. HP: 9/9 MP: 4/4
   158 | D:1      | Reached XP level 2. HP: 8/13 MP: 3/7
   287 | D:1      | Learned a level 2 spell: Ensorcelled Hibernation
   787 | D:1      | Reached skill level 1 in Fighting
   834 | D:1      | Reached XP level 3. HP: 18/18 MP: 8/11
  1258 | D:2      | Learned a level 3 spell: Confuse
  1710 | D:2      | Reached XP level 4. HP: 20/22 MP: 3/14
  2594 | D:3      | Reached XP level 5. HP: 25/25 MP: 11/18
  2771 | D:3      | Slain by an orc priest

Action                   |  1- 3 |  4- 6 || total
-------------------------+-------+-------++-------
Melee: Dagger            |    49 |       ||    49
       Short sword       |    44 |    53 ||    97
 Cast: Corona            |     8 |       ||     8
       Ensorcelled Hiber |    23 |    27 ||    50
       Confuse           |     1 |    10 ||    11
  Use: Scroll            |     9 |     2 ||    11
 Stab: Sleeping          |    24 |    23 ||    47
       Confused          |       |     2 ||     2
  Eat: Bread ration      |       |     1 ||     1
